 Dungeon Crawl Stone Soup version 0.30-a0-779-g7971cf19c3 (webtiles) character file.

Game seed: 13736198507059061563

824 dialectric the Slasher (level 7, -1/55 HPs)
             Began as a Demonspawn Fighter on Feb 17, 2023.
             Was a Priest of Jiyva.
             Slain by an adder (2 damage)
             ... on level 6 of the Dungeon.
             The game lasted 00:06:39 (4572 turns).

dialectric the Slasher (Demonspawn Fighter)         Turns: 4572, Time: 00:06:40

Health: -1/55      AC:  7    Str: 18    XL:     7   Next: 64%
Magic:  4/7        EV: 10    Int:  9    God:    Jiyva [***...]
Gold:   214        SH:  0    Dex: 13    Spells: 6/6 levels left

rFire   . . .      SeeInvis .    a - +0 long sword
rCold   . . .      Faith    .    (no shield)
rNeg    . . .      Spirit   .    b - +0 scale mail
rPois   .          Reflect  .    (helmet restricted)
rElec   .          Harm     .    (no cloak)
rCorr   +          Rampage  .    (no gloves)
Will    .....                    p - +0 pair of boots
Stlth   +                        (no amulet)
HPRegen 1.41/turn                (no ring)
MPRegen 0.45/turn                (no ring)

@: lethally poisoned (-1 -> -2), marked, calling ooze, flying, hasted, very
quick
A: demonic guardian 1, sturdy frame 2, demonic touch 1, antennae 2,
deterioration 1
a: Renounce Religion, Oozemancy


You were on level 6 of the Dungeon.
You worshipped Jiyva.
Jiyva was most pleased with you.
You visited 1 branch of the dungeon, and saw 6 of its levels.
You also visited: Sewer.

You collected 214 gold pieces.

Inventory:

Hand Weapons
 a - a +0 long sword (weapon)
 f - a +0 great sword
 m - a +0 morningstar
 v - a +0 scimitar
Missiles
 t - 8 poisoned darts (quivered)
Armour
 b - a +0 scale mail (worn)
 c - a +0 buckler
 p - a +0 pair of boots (worn)
Jewellery
 r - an amulet of regeneration
Scrolls
 g - 3 scrolls of identify {unknown}
 j - a scroll of amnesia {unknown}
 k - a scroll of torment
 n - a scroll of magic mapping
 s - a scroll of enchant armour {unknown}
 u - a scroll of enchant weapon {unknown}
 w - a scroll of teleportation
Potions
 d - a potion of might
 e - 2 potions of haste
 h - a potion of flight
 i - a potion of mutation
 l - a potion of berserk rage {unknown}
 o - a potion of curing {unknown}
 q - 2 potions of brilliance {unknown}


   Skills:
 + Level 4.8 Fighting
 + Level 6.5 Long Blades
 - Level 3.1 Armour
 + Level 1.1 Stealth
 * Level 3.5 Shields


You had 6 spell levels left.
You didn't know any spells.
Your spell library contained the following spells:

 Spells                   Type           Power      Damage    Failure   Level
 Ensorcelled Hibernation  Hex/Ice        0%         N/A       65%         2
 Lesser Beckoning         Tloc           0%         N/A       65%         2
 Gell's Gravitas          Tloc           0%         N/A       87%         3
 Spider Form              Tmut/Pois      0%         N/A       87%         3
 Teleport Other           Tloc           0%         N/A       87%         3
 Anguish                  Hex/Necr       0%         N/A       99%         4


Dungeon Overview and Level Annotations

Branches:
Dungeon (6/15)             Temple (0/1) D:6           Sewer (visited)

Altars:
Ashenzari
Wu Jian
Jiyva


Innate Abilities, Weirdness & Mutations

A weak demonic guardian rushes to your aid.
Your movements are less encumbered by armour. (ER -4)
Your touch may inflict minor irresistible damage on your foes.
You have a pair of antennae on your head.
Your body sometimes deteriorates upon taking damage.


Message History

The adder bites you but does no damage.
Unknown command.
It was a potion of haste.
You feel yourself speed up.
You feel sick. The bullfrog barely misses you.
A scorpion comes into view.
The adder barely misses you. The adder bites you.
* * * LOW HITPOINT WARNING * * *
A demonic guardian appears!
The ice beast hits you but does no damage.
The bullfrog hits you but does no damage.
Activating: Oozemancy (9% risk of failure)
Press: ? - help, Dir - look around, f - activate Slime begins to ooze from the nearby walls!
You can no longer turn your foes to slime.
You feel sick. The adder bites you.
* * * LOW HITPOINT WARNING * * *
The adder bites you but does no damage.
The wall melts the ice beast!
The ice beast hits you.
* * * LOW HITPOINT WARNING * * *
The ice beast freezes you.
* * * LOW HITPOINT WARNING * * *
The bullfrog hits you.
* * * LOW HITPOINT WARNING * * *
It was a potion of flight.
You feel very buoyant.
You fly up into the air.
* * * LOW HITPOINT WARNING * * *
You feel sick. The walls burn your quasit!
Your quasit closely misses the adder.
Your quasit barely misses the adder.
Your quasit closely misses the adder.
The adder bites you but does no damage. The adder closely misses you.
The bullfrog hits you but does no damage.
It was a potion of mutation.
You feel extremely strange.
You regain control of your magic.
The antennae on your head shrink a bit.
You feel yourself wasting away.
You feel stupid.
You feel clever.
* * * LOW HITPOINT WARNING * * *
You feel sick. The walls burn your quasit!
Your quasit barely misses the adder.
Your quasit claws the adder but does no damage. x2
The adder bites you.
You die...

##.......## #...
#.......... #...##
####.......... .#...#.
##.####........
....#..###...........#..
.......#............#..
...........##....>...#
##..F...###.....##.#
#.†@......##....##..
......SSY###...##....#.>
........5.. ....##...#..
....Y..#.........##.....
.....:##.......... ...#
...s>o #.......... #. #
#..... ........... # #
...... .......9 .


You could see a gargoyle, an ice beast, a sky beast, a bullfrog, a scorpion, 2
adders, an orc and a friendly quasit (summoned).

Vanquished Creatures
  An ogre (D:6)
  A phantom (D:4)
  A kobold brigand (Sewer)
  A bullfrog (D:6)
  2 scorpions (D:6)
  An orc priest (D:6)
  2 iguanas (D:4)
  2 orc wizards
  12 adders
  A river rat (Sewer)
  A white imp (D:6)
  4 worms
  2 dart slugs
  6 orcs
  15 ball pythons
  5 bats
  5 endoplasms
  3 giant cockroaches
  7 goblins
  3 hobgoblins
  3 jackals (Sewer)
  9 kobolds
  7 quokkas
  5 frilled lizards
  5 rats
104 creatures vanquished.

Vanquished Creatures (collateral kills)
  A phantom (D:5)
  An adder (Sewer)
  3 orcs (D:5)
  A rat (Sewer)
6 creatures vanquished.

Vanquished Creatures (others)
  A scorpion (D:4)
  2 jellies (D:4)
  An orc priest (D:6)
  Ijyb (D:4)
  An orc wizard (D:6)
  An adder (D:4)
  A worm (D:3)
  A bat (D:3)
  A giant cockroach (D:3)
  A hobgoblin (D:3)
  3 ball pythons
  A kobold (D:3)
  A rat (D:3)
  16 plants (Sewer)
32 creatures vanquished.

Grand Total: 142 creatures vanquished

Notes
Turn   | Place    | Note
-------+----------+-------------------------------------------
     0 | D:1      | dialectric the Demonspawn Fighter began the quest for the
                  | Orb.
     0 | D:1      | Reached XP level 1. HP: 18/18 MP: 1/1
   150 | D:1      | Gained mutation: Your movements are slightly less
                  | encumbered by armour. (ER -2) [demonic ancestry]
   150 | D:1      | Reached XP level 2. HP: 24/24 MP: 2/2
   356 | D:1      | Reached skill level 2 in Long Blades
   870 | D:2      | Gained mutation: Your movements are less encumbered by
                  | armour. (ER -4) [demonic ancestry]
   870 | D:2      | Reached XP level 3. HP: 29/29 MP: 3/3
  1203 | D:2      | Found a faded altar of an unknown god.
  1372 | D:2      | Reached XP level 4. HP: 37/37 MP: 4/4
  1402 | D:2      | Reached skill level 3 in Long Blades
  1526 | D:2      | Identified the +1 leather armour of the Thinker {Str+4}
  1872 | D:2      | Prayed at the altar of an unknown god.
  1872 | D:2      | Became a worshipper of Jiyva Juafekh the Shapeless
  1872 | D:2      | Reached * piety under Jiyva
  2111 | D:3      | Found a broken altar of Ashenzari.
  2586 | D:4      | Reached ** piety under Jiyva
  2631 | D:3      | Gained mutation: A weak demonic guardian rushes to your
                  | aid. [demonic ancestry]
  2631 | D:3      | Reached XP level 5. HP: 35/42 MP: 5/5
  2684 | D:4      | Noticed a phantom
  2707 | D:4      | Killed Ijyb
  2712 | D:4      | Killed a phantom
  2713 | D:4      | Reached skill level 4 in Long Blades
  2752 | D:4      | Found a large runed translucent door.
  2752 | D:4      | Found a large runed translucent door.
  3107 | D:4      | Noticed an ogre
  3125 | D:5      | Entered Level 5 of the Dungeon
  3189 | D:5      | Reached XP level 6. HP: 48/48 MP: 6/6
  3215 | D:5      | Reached *** piety under Jiyva
  3407 | D:5      | Reached skill level 5 in Long Blades
  3446 | D:5      | Found a glowing drain.
  3465 | Sewer    | Entered a sewer
  4056 | D:5      | Gained mutation: You have a pair of small antennae on your
                  | head. [Jiyva's grace]
  4056 | D:5      | Gained mutation: You have a pair of antennae on your head.
                  | [Jiyva's grace]
  4056 | D:5      | Gained mutation: You have a pair of large antennae on your
                  | head. (SInv) [Jiyva's grace]
  4056 | D:5      | Gained mutation: Your spells are a little harder to cast,
                  | but a little more powerful. [Jiyva's grace]
  4060 | D:5      | Found an ornate altar of the Wu Jian Council.
  4262 | D:5      | Gained mutation: Your touch may inflict minor irresistible
                  | damage on your foes. [demonic ancestry]
  4262 | D:5      | Reached XP level 7. HP: 44/55 MP: 7/7
  4299 | D:5      | Reached **** piety under Jiyva
  4447 | D:6      | Reached skill level 6 in Long Blades
  4447 | D:6      | Reached skill level 1 in Stealth
  4459 | D:6      | Noticed a gargoyle
  4549 | D:6      | Found a staircase to the Ecumenical Temple.
  4570 | D:6      | HP: 1/55 [bullfrog (2)]
  4572 | D:6      | Lost mutation: Your spells are a little harder to cast, but
                  | a little more powerful. [potion of mutation]
  4572 | D:6      | Lost mutation: You have a pair of large antennae on your
                  | head. (SInv) [potion of mutation]
  4572 | D:6      | Gained mutation: Your body sometimes deteriorates upon
                  | taking damage. [potion of mutation]
  4572 | D:6      | Gained mutation: You are dopey. (Int -2) [potion of
                  | mutation]
  4572 | D:6      | Lost mutation: You are dopey. (Int -2) [potion of mutation]
  4572 | D:6      | Slain by an adder

Illustrated notes

Levels and vault maps discovered:
D:1:      lightli_arrival_statue_moat, layout_loops_ring
D:2:      layout_basic, shapermc_ecumenical_altar_ellora, corexii_shack,
          minmay_misc_feat_rugged, minmay_indecisive_spiral
D:3:      layout_basic, cheibrodos_ashenzari_chains, minmay_puff
D:4:      layout_rooms, jmf_multi_god_temple2, grunt_decor_arrowhead, uniq_ijyb
D:5:      layout_gridville, mainiacjoe_overflow_tiny_flanked,
          gup_sewer_entry_pipe
D:6:      layout_cave_pools, chei_slow_surprise, minmay_temple_entry_offerings,
          serial_column_ruins, column_ruins_grid_2,
          column_ruins_corridor_straight, column_ruins_columns_T,
          column_ruins_grid_1, column_ruins_grid_1,
          nicolae_concentric_dashed_squares_wild, nrook_mini_backslash

Skill      XL: |  1  2  3  4  5  6  7 |
---------------+----------------------+-----
Armour         | 3 |  3.1
Long Blades    | 2 3 4 5 6 |  6.5
Fighting       | 4 |  4.8
Shields        | 3 |  3.5
Stealth        | 1 |  1.1

Action                     |  1- 3 |  4- 6 |  7- 9 || total
---------------------------+-------+-------+-------++-------
  Melee: Long sword        |   115 |   313 |    34 ||   462
         Punch             |       |     3 |       ||     3
         Touch             |       |       |     8 ||     8
 Invoke: Oozemancy         |       |       |     1 ||     1
    Use: Scroll            |       |     5 |       ||     5
         Potion            |       |       |     3 ||     3
   Stab: Distracted        |       |     1 |       ||     1
 Armour: Scale mail        |    79 |   159 |    26 ||   264
  Dodge: Dodged            |    93 |   192 |    26 ||   311

Table legend: (Time is in decaauts)
 A = Elapsed time spent in this place.
 B = Non-inter-level travel time spent in this place.
 C = Inter-level travel time spent in this place.
 D = Time resting spent in this place.
 E = Time spent auto-exploring this place.
 F = Levels seen in this place.
 G = Mean time per level.
                   A        B        C        D        E       F      G
               +--------+--------+--------+--------+--------+-----+--------+
         Total |   4794 |   4574 |    220 |      7 |   3198 |   7 |  684.9 |
       Dungeon |   4123 |   3903 |    220 |      7 |   2770 |   6 |  687.2 |
         Sewer |    671 |    671 |      0 |      0 |    428 |   1 |  671.0 |
               +--------+--------+--------+--------+--------+-----+--------+

Top non-repeatable levels by time:
     D:2: 1060 daAuts
     D:1: 881 daAuts
     D:5: 803 daAuts
     D:3: 713 daAuts
   Sewer: 671 daAuts
     D:4: 543 daAuts
     D:6: 120 daAuts
